 Dungeon Crawl Stone Soup version 0.28.0-45-g0d030f2227 (webtiles) character file.

Game seed: 10372913573872750107

81 pkoi the Ruffian (level 4, 0/36 HPs)
             Began as a Demigod Gladiator on Apr 24, 2022.
             Slain by an ice beast (7 damage)
             ... on level 3 of the Dungeon.
             The game lasted 00:01:56 (3364 turns).

pkoi the Ruffian (Demigod Gladiator)                Turns: 3364, Time: 00:01:56

Health: 0/36       AC:  4    Str: 16 (19) XL:     4   Next: 0%
Magic:  6/6        EV: 12    Int:  7 (10) God:
Gold:   86         SH:  0    Dex: 12 (15) Spells: 3/3 levels left

rFire   . . .      SeeInvis .     - Unarmed
rCold   . . .      Faith    .   (no shield)
rNeg    . . .      Spirit   .   a - +0 leather armour
rPois   .          Reflect  .   b - +0 helmet
rElec   .          Harm     .   (no cloak)
rCorr   .          Rampage  .   (no gloves)
Will    .....                   (no boots)
Stlth   +.........              (no amulet)
HPRegen 0.12/turn               (no ring)
MPRegen 0.10/turn               (no ring)

@: no status effects
A: high MP 1, forlorn, divine attributes
a: no special abilities


You were on level 3 of the Dungeon.
You visited 1 branch of the dungeon, and saw 3 of its levels.

You collected 86 gold pieces.

Inventory:

Missiles
 c - 3 throwing nets
 g - 10 poisoned darts (quivered)
Armour
 a - a +0 leather armour (worn)
 b - a +0 helmet (worn)
Scrolls
 e - a scroll of teleportation
Potions
 d - a potion of heal wounds {unknown}
 h - 3 potions of curing


   Skills:
 + Level 1.9 Fighting
 - Level 1.7 Throwing
 - Level 2.6 Dodging
 * Level 4.5 Unarmed Combat


You had 3 spell levels left.
You didn't know any spells.
Your spell library was empty.

Dungeon Overview and Level Annotations

Branches:
Dungeon (3/15)


Innate Abilities, Weirdness & Mutations

You have an increased reservoir of magic. (+10% MP)
You shall have no god before yourself.
Your divine heritage dramatically boosts your attributes as you level up.


Message History

HP restored.
You see here a frilled lizard corpse.
Found a stone staircase leading down.
d - a glowing inky potion No target in view!
There is a stone staircase leading down here.
Found a stone staircase leading down.
Found a robe.
No target in view!
No target in view!
No target in view!
No target in view!
No target in view!
An ice beast comes into view.
An ice beast is nearby!
The ice beast hits you but does no damage.
You hit the ice beast but do no damage. You closely miss the ice beast.
The ice beast barely misses you.
You closely miss the ice beast. The ice beast hits you.
The ice beast freezes you!
* * * LOW HITPOINT WARNING * * *
You barely miss the ice beast.
The ice beast hits you but does no damage.
You hit the ice beast but do no damage. The ice beast barely misses you.
You barely miss the ice beast.
The ice beast hits you but does no damage.
You hit the ice beast but do no damage. The ice beast hits you.
* * * LOW HITPOINT WARNING * * *
The ice beast freezes you!
* * * LOW HITPOINT WARNING * * *
You aren't carrying any items that you can evoke.
Throw: 11 darts (poison)
Press: ? - help, Q - select action, (/) - cycle Shift-Dir - straight line, f - ice beast
Aim: an ice beast (56% to hit)
You throw a poisoned dart.
The poisoned dart barely misses the ice beast.
The ice beast hits you.
* * * LOW HITPOINT WARNING * * *
The ice beast freezes you!
You die...

## ..
#####.#######
...........(#
#####.#####.#
# #Y# #.# #@#
#.# #.# ##.#
#.# #.# ...#
#.# #.# ####
#.# #.# ###
#># #.# ..#
######.# #.#
#.#
#.>....####.#
#.#
#.#####.....#


You could see an ice beast.

Vanquished Creatures
  2 adders (D:2)
  2 orcs (D:3)
  4 ball pythons
  4 endoplasms
  4 giant cockroaches
  5 goblins
  7 hobgoblins
  4 jackals (D:3)
  4 kobolds
  2 quokkas (D:1)
  7 bats
  4 frilled lizards
  3 rats (D:1)
52 creatures vanquished.

Notes
Turn   | Place    | Note
-------+----------+-------------------------------------------
     0 | D:1      | pkoi the Demigod Gladiator began the quest for the Orb.
     0 | D:1      | Reached XP level 1. HP: 17/17 MP: 3/3
   320 | D:1      | Reached skill level 3 in Unarmed Combat
   701 | D:1      | Reached XP level 2. HP: 24/24 MP: 4/4
  1918 | D:2      | Reached XP level 3. HP: 29/29 MP: 5/5
  1947 | D:2      | Reached skill level 4 in Unarmed Combat
  3284 | D:3      | Reached XP level 4. HP: 32/36 MP: 6/6
  3347 | D:3      | Noticed an ice beast
  3364 | D:3      | Slain by an ice beast

Illustrated notes

Levels and vault maps discovered:
D:1:      dpeg_arrival_tiny_h, layout_loops_corners, nrook_campfire
D:2:      layout_basic, hellmonk_ecumenical_altar_blasted
D:3:      layout_loops_ring

Skill      XL: |  1  2  3 |
---------------+----------+-----
Unarmed Combat | 3 4 |  4.5
Fighting       | |  1.9
Throwing       | |  1.7
Dodging        | |  2.6

Action                   |  1- 3 |  4- 6 || total
-------------------------+-------+-------++-------
Melee: Unarmed           |   189 |     7 ||   196
       Punch             |     4 |       ||     4
Throw: Dart              |       |     1 ||     1
  Use: Potion            |     4 |       ||     4
       Scroll            |     2 |       ||     2
 Stab: Sleeping          |     2 |       ||     2
Armor: Leather armour    |    69 |     3 ||    72
Dodge: Dodged            |   103 |     2 ||   105
